 Dungeon Sprint DCSS version 0.17-a0-2064-g265a032 (webtiles) character file.

251 Kidiri the Covert (level 5, -3/21 HPs)
             Began as a Spriggan Enchanter on Oct 12, 2015.
             Was an Initiate of Dithmenos.
             Slain by a spatial vortex (24 damage)
             ... in the Dungeon (Sprint III: "The Ten Rune Challenge").
             The game lasted 00:02:10 (379 turns).

Kidiri the Covert (Spriggan Enchanter)               Turns: 379, Time: 00:02:11

Health: -3/21      AC:  4    Str:  4    XL:     5   Next: 88%
Magic:  1/13       EV: 24    Int: 18    God:    Dithmenos [......]
Gold:   18         SH:  0    Dex: 18    Spells: 5 memorised, 5 levels left

rFire  . . .     SeeInvis +     a - +1 dagger
rCold  . . .     Clarity  .     b - +1 robe
rNeg   . . .     SustAt   .     (shield restricted)
rPois  .         Gourm    .     (helmet restricted)
rElec  .         Spirit   .     (no cloak)
rCorr  .         Warding  .     (gloves unavailable)
rMut   .         NoTele   +     (boots unavailable)
MR     .....                    (no amulet)
Stlth  +++++.....               (no ring)
                                (no ring)

@: very slightly contaminated, very quick, not resistant to hostile
enchantments, quite stealthy
A: unfitting armour, beak, molten scales 1, thin skeletal structure 1, see
invisible, breathe flames 1, herbivore 3, speed 3, frail 1, low mp 1, screaming
1, slow metabolism 2, wild magic 1
a: Renounce Religion, Breathe Fire


You were in the Dungeon.
You worshipped Dithmenos.
Dithmenos was noncommittal.
You were not hungry.

You visited 1 branch You collected 18 gold pieces.

Inventory:

Hand Weapons
 a - a +1 dagger (weapon)
Armour
 b - a +1 robe (worn)
Scrolls
 j - 3 scrolls of blinking
 l - a scroll of holy word
 m - a scroll of identify {unknown}
 q - 2 scrolls of remove curse
Potions
 e - 2 potions of curing
 f - a potion of heal wounds
 g - a potion of haste
 h - 2 potions of magic
 i - a potion of berserk rage
 o - 3 potions of cure mutation
 p - 2 potions of flight {unknown}
Books
 c - a book of Maledictions

   Spells                             Type                      Level
   a - Corona                         Hexes                        1
   b - Ensorcelled Hibernation        Hexes/Ice                    2
   c - Confuse                        Hexes                        3
   d - Tukima's Dance                 Hexes                        3
   e - Dazzling Spray                 Conjuration/Hexes            3
Comestibles
 d - a bread ration
 n - 2 royal jellies
 r - 3 fruits


   Skills:
 * Level 5.5 Short Blades
 + Level 2.6 Armour
 * Level 7.9 Dodging
 * Level 9.0 Stealth
 * Level 6.5 Spellcasting
 + Level 1.6 Conjurations
 + Level 5.6 Hexes
 + Level 2.4 Ice Magic
 + Level 0.0 Invocations


You had 5 spell levels left.
You knew the following spells:

 Your Spells              Type           Power        Failure   Level  Hunger
a - Corona                Hex            #####..      4%          1    None
b - Ensorcelled Hibernat  Hex/Ice        ####..       9%          2    None
c - Confuse               Hex            #####...     9%          3    ##.....
d - Tukima's Dance        Hex            #####...     9%          3    ##.....
e - Dazzling Spray        Conj/Hex       ####....     19%         3    ##.....


Dungeon Overview and Level Annotations

Branches:
Dungeon (1/1)

Altars:
Dithmenos
Gozag
Makhleb
Nemelex Xobeh
Qazlal
Ru
Xom
Jiyva
Lugonu


Innate Abilities, Weirdness & Mutations

You are tiny and cannot use many weapons and most armour.
You have supernaturally acute eyesight.
You are a herbivore.
You cover ground extremely quickly.
You need consume almost no food.
You have a beak for a mouth.
You are partially covered in molten scales (AC +1).
You have a somewhat thin skeletal structure (Dex +2, Stealth).
You can breathe flames.
You are frail (-10% HP).
Your magical capacity is low (-10% MP).
You occasionally shout uncontrollably at your foes.
Your spells are a little harder to cast, but a little more powerful.


Message History

The spatial vortex is heavily damaged.
Casting: Dazzling Spray
Confirm with . or Enter, or press ? or * to list all spells.
Aiming: Dazzling Spray
Press: ? - help, Shift-Dir - straight line, f/p - spatial vortex
Aim: a spatial vortex (heavily damaged)
The spray of energy hits the spatial vortex.
The spatial vortex is severely damaged.
Casting: Dazzling Spray
Confirm with . or Enter, or press ? or * to list all spells.
Aiming: Dazzling Spray
Press: ? - help, Shift-Dir - straight line, f/p - spatial vortex
Aim: a spatial vortex (severely damaged)
The spray of energy hits the spatial vortex.
The spatial vortex is almost destroyed.
You hit the spatial vortex.
The spatial vortex is almost destroyed.
The spatial vortex hits you!!
Ouch! That really hurt!
You die...

...≈.♣♣♣..###+#+###+##
..≈≈♣♣.♣..#..........#
.≈≈≈≈.♣♣..'.⌠........#
.≈≈≈≈≈≈.♣.#...######'#
≈≈≈≈≈≈....#.⌠.#__#...#
≈≈≈≈≈.....#...#__#...#
≈≈≈.......#+###__#...#
..........# #__#...+
..........# #v@'...#
▓▓▓▓▓▓▓▓▓▓▓ ▓▓▓▓▓▓▓▓


You could see a spatial vortex.

Vanquished Creatures
  A shadow (D)
  A water elemental (D)
  A jelly (D)
  A human (D)
  A phantom (D)
  4 rats (D)
9 creatures vanquished.

Vanquished Creatures (others)
  2 draconian scorchers (D)
  A yaktaur (D)
3 creatures vanquished.

Grand Total: 12 creatures vanquished

Notes
Turn   | Place    | Note
--------------------------------------------------------------
     0 | D        | Kidiri the Spriggan Enchanter began the quest for the Orb.
     0 | D        | Reached XP level 1. HP: 9/9 MP: 5/5
    61 | D        | Reached skill level 1 in Armour
    61 | D        | Reached skill level 5 in Stealth
    61 | D        | Reached XP level 2. HP: 11/13 MP: 5/8
    65 | D        | Learned a level 2 spell: Ensorcelled Hibernation
   160 | D        | Gained mutation: You can breathe flames. [potion of mutation]
   160 | D        | Gained mutation: You are partially covered in molten scales (AC +1). [potion of mutation]
   160 | D        | Gained mutation: You are frail (-10% HP). [potion of mutation]
   161 | D        | Gained mutation: Your magical capacity is low (-10% MP). [potion of mutation]
   161 | D        | Gained mutation: You occasionally shout uncontrollably at your foes. [potion of mutation]
   162 | D        | Gained mutation: Your spells are a little harder to cast, but a little more powerful. [potion of mutation]
   162 | D        | Gained mutation: You have a somewhat thin skeletal structure (Dex +2, Stealth). [potion of mutation]
   162 | D        | Gained mutation: You have a beak for a mouth. [potion of mutation]
   170 | D        | Killed a yaktaur
   214 | D        | Killed a white draconian scorcher
   256 | D        | Noticed a water elemental
   259 | D        | Killed a water elemental
   259 | D        | Reached skill level 5 in Dodging
   259 | D        | Reached skill level 6 in Stealth
   259 | D        | Reached skill level 1 in Ice Magic
   259 | D        | Reached XP level 3. HP: 14/14 MP: 7/9
   259 | D        | Reached XP level 4. HP: 18/18 MP: 7/10
   264 | D        | Learned a level 3 spell: Confuse
   268 | D        | Learned a level 3 spell: Dazzling Spray
   272 | D        | Learned a level 3 spell: Tukima's Dance
   288 | D        | Noticed a jelly
   289 | D        | Noticed a shadow
   291 | D        | Killed a shadow
   291 | D        | Reached skill level 5 in Short Blades
   291 | D        | Reached skill level 7 in Dodging
   291 | D        | Reached skill level 8 in Stealth
   291 | D        | Reached skill level 1 in Conjurations
   291 | D        | Reached skill level 5 in Hexes
   291 | D        | Reached XP level 5. HP: 21/21 MP: 10/13
   295 | D        | Killed a jelly
   295 | D        | Reached skill level 9 in Stealth
   297 | D        | Killed a white draconian scorcher
   317 | D        | Found a stormy altar of Qazlal.
   318 | D        | Found a sacrificial altar of Ru.
   318 | D        | Found a burning altar of Makhleb.
   318 | D        | Found a viscous altar of Jiyva.
   318 | D        | Found a shimmering altar of Xom.
   318 | D        | Found a shadowy altar of Dithmenos.
   318 | D        | Found a sparkling altar of Nemelex Xobeh.
   318 | D        | Found a corrupted altar of Lugonu.
   318 | D        | Found an opulent altar of Gozag.
   318 | D        | Noticed a spatial vortex
   322 | D        | Became a worshipper of Dithmenos the Shadowed
   379 | D        | Slain by a spatial vortex

Vault maps used:
D:        dungeon_sprint_mu

Action                   |  1- 3 |  4- 6 || total
-------------------------+-------+-------++-------
Melee: Dagger            |    17 |     3 ||    20
 Cast: Corona            |     2 |       ||     2
       Dazzling Spray    |       |     4 ||     4
  Use: Potion            |     3 |       ||     3
       Scroll            |     1 |       ||     1
 Stab: Sleeping          |     4 |     2 ||     6
